 Dungeon Crawl Stone Soup version 0.19.1-1-g22dce08 (webtiles) character file.

2412 Peloso the Carver (level 9, -2/74 HPs)
             Began as a Ghoul Gladiator on Dec 31, 2016.
             Was a Believer of Okawaru.
             Slain by a yak (9 damage)
             ... on level 7 of the Dungeon.
             The game lasted 00:17:30 (6549 turns).

Peloso the Carver (Ghoul Gladiator)                 Turns: 6549, Time: 00:17:31

Health: -2/74      AC: 16    Str: 19    XL:     9   Next: 47%
Magic:  6/8        EV: 15    Int:  3    God:    Okawaru [**....]
Gold:   341        SH:  0    Dex: 12    Spells: 0 memorised, 8 levels left

rFire  x . .     SeeInvis .     a - +0 long sword
rCold  + + .     Gourm    .     w - +0 scale mail (curse)
rNeg   + + +     Faith    .     (no shield)
rPois  ∞         Spirit   .     c - +0 helmet
rElec  .         Reflect  .     (no cloak)
rCorr  .         Harm     .     i - +1 pair of gloves
MR     .....                    o - +2 pair of boots
Stlth  ++........               (no amulet)
                                (no ring)
                                k - ring of ice

@: heroism, rotting
A: rotting body, claws 1, carnivore 3, cold resistance 1, negative energy
resistance 3, slow regeneration 1, torment resistance, unbreathing
a: Heroism, Renounce Religion


You were on level 7 of the Dungeon.
You worshipped Okawaru.
Okawaru was pleased with you.
You were not hungry.

You visited 2 branches of the dungeon, and saw 9 of its levels.

You collected 341 gold pieces.

Inventory:

Hand Weapons
 a - a +0 long sword (weapon)
 B - a +0 spear of piercing
Missiles
 d - 3 throwing nets (quivered)
Armour
 b - a +0 leather armour
 c - a +0 helmet (worn)
 i - a +1 pair of gloves (worn)
 o - a +2 pair of boots (worn)
 w - a cursed +0 scale mail (worn)
 y - a +0 chain mail
 F - the cursed +0 robe of Amorality {Regen+ SInv, unknown}
   (You found it on level 7 of the Dungeon)

   It lets you see invisible.
   It increases your rate of regeneration.
   It has a curse placed upon it.
Jewellery
 k - a ring of ice (left hand)
Wands
 h - a wand of flame (30/48)
 j - a wand of paralysis (17/24)
 A - a wand of slowing (1/48)
Scrolls
 e - 4 scrolls of teleportation
 g - 2 scrolls of recharging
 q - a scroll of blinking
 x - 2 scrolls of remove curse
 D - 2 scrolls of amnesia
 E - 4 scrolls of magic mapping {unknown}
 G - 4 scrolls of identify
 H - a scroll of fog
 I - a scroll of enchant weapon {unknown}
 J - a scroll of acquirement {unknown}
 L - a scroll of vulnerability {unknown}
Potions
 n - 2 potions of agility
 p - 3 potions of cancellation
 r - a potion of magic
 t - a potion of lignification {unknown}
 u - a potion of curing
 z - a potion of flight {unknown}
 C - a potion of brilliance {unknown}
 M - a potion of mutation {unknown}
Comestibles
 f - 5 meat rations
 l - 2 royal jellies
 m - 3 slices of pizza
 v - 2 beef jerkies


   Skills:
 + Level 5.3(10.3) Fighting
 + Level 8.4(13.4) Long Blades
 + Level 1.9(6.9) Throwing
 + Level 5.1(10.1) Armour
 + Level 4.8(9.8) Dodging
 + Level 1.9(6.9) Stealth
 + Level 0.2 Invocations
 + Level 0.6 Evocations


You had 8 spell levels left.
You didn't know any spells.

Dungeon Overview and Level Annotations

Branches:
Dungeon (8/15)             Temple (1/1) D:4
   Lair: D:8-11

Altars:
Ashenzari
Cheibriados
Dithmenos
Elyvilon
Fedhas
Gozag
Hepliaklqana
Kikubaaqudgha
Makhleb
Nemelex Xobeh
Okawaru
Qazlal
Ru
Sif Muna
Trog
Uskayaw
Vehumet
Xom
Yredelemnul
Zin


Innate Abilities, Weirdness & Mutations

Your body is rotting away.
You thrive on raw meat.
You are immune to poison.
You have sharp fingernails.
You are carnivorous and can eat meat at any time.
Your flesh is cold resistant. (rC+)
You are immune to negative energy. (rN+++)
You regenerate slowly when monsters are visible.
You are immune to unholy pain and torment.
You can survive without breathing.


Message History

The bullfrog is severely wounded.
The bullfrog misses you.
You riposte.
You closely miss the bullfrog.
The bullfrog is severely wounded.
You slash the bullfrog!
You kill the bullfrog!
Okawaru accepts your kill.
Unknown command.
You barely miss the yak.
The yak is severely wounded.
You completely miss the yak.
The yak is severely wounded.
The yak closely misses you.
You hit the yak.
The yak is almost dead.
The yak gores you!
* * * LOW HITPOINT WARNING * * *
You closely miss the yak.
The yak is almost dead.
The yak gores you!
You die...

...# #)# #.# ##.#
#[# #.# .#.#
#.###### #.#
.#.##########......#
#.#
.............>.###.#
#.#
.#...............#.#
#.#
.#######.#.....#.#.#
#.#
.........+.....#Y#.#
#.#
#......#.#.....#@#.#
#.#
.......#.#.....#.#.#
#.#
.......#.#.....#.#.#
#.#
.........'.....#.#.#
#.#
......##.#.....#.#.#
#.#
......##.#.....#.#.#
#.#
......##.#...).#.#.#
#.#
......##.#.....#.#.#
#.#
.........'<....#.#.#
#.#


You could see a yak.

Vanquished Creatures
  Sigmund (D:2)
  A wraith (D:7)
  A black bear (D:6)
  An ice beast (D:5)
  2 ogres
  4 centaurs
  3 bullfrogs
  A water moccasin zombie (D:5)
  4 scorpions
  3 killer bees
  A howler monkey (D:4)
  2 vampire bats (D:7)
  3 crimson imps
  An orc priest (D:7)
  3 hounds
  An orc wizard (D:4)
  Ijyb (D:2)
  2 iguanas (D:7)
  7 worker ants
  A hound zombie (D:5)
  A hound skeleton (D:6)
  Robin (D:2)
  2 gnolls (D:5)
  7 adders
  2 shadow imps
  An ooze (D:3)
  An adder skeleton (D:5)
  2 worms (D:2)
  2 leopard geckos
  8 orcs
  7 bats
  3 bat skeletons (D:7)
  3 bat zombies (D:7)
  4 giant cockroaches
  8 goblins
  14 hobgoblins
  9 jackals (D:1)
  9 kobolds
  2 quokkas
  A ball python (D:1)
  2 frilled lizards (D:1)
  2 leopard gecko skeletons
  A quokka skeleton (D:5)
  A quokka zombie (D:7)
  5 rats
141 creatures vanquished.

Notes
Turn   | Place    | Note
-------+----------+-------------------------------------------
     0 | D:1      | Peloso the Ghoul Gladiator began the quest for the Orb.
     0 | D:1      | Reached XP level 1. HP: 17/17 MP: 0/0
    42 | D:1      | Reached XP level 2. HP: 25/25 MP: 1/1
   245 | D:1      | Reached skill level 3 in Long Blades
   305 | D:1      | Reached XP level 3. HP: 24/30 MP: 2/2
   713 | D:2      | Noticed Robin
   732 | D:2      | Killed Robin
   743 | D:1      | Reached XP level 4. HP: 7/37 MP: 3/3
   896 | D:2      | Noticed Sigmund
   909 | D:2      | Killed Sigmund
   909 | D:2      | Reached skill level 4 in Long Blades
   909 | D:2      | Reached skill level 1 in Armour
   909 | D:2      | Reached XP level 5. HP: 21/45 MP: 4/4
   909 | D:2      | Reached XP level 6. HP: 24/51 MP: 5/5
   930 | D:2      | Found a white marble altar of Elyvilon.
  1047 | D:2      | Noticed Ijyb
  1080 | D:2      | Killed Ijyb
  1275 | D:2      | Found a blossoming altar of Fedhas.
  1669 | D:3      | Reached skill level 5 in Long Blades
  1805 | D:3      | Found a blossoming altar of Fedhas.
  2637 | D:4      | Reached skill level 1 in Stealth
  2685 | D:4      | Found a staircase to the Ecumenical Temple.
  2710 | Temple   | Entered the Ecumenical Temple
  2994 | D:4      | Found a sacrificial altar of Ru.
  3219 | D:4      | Reached XP level 7. HP: 54/57 MP: 6/6
  3504 | D:5      | Entered Level 5 of the Dungeon
  3583 | D:5      | Found a sparkling altar of Nemelex Xobeh.
  3726 | D:5      | Found a snail-covered altar of Cheibriados.
  3850 | D:5      | Reached skill level 6 in Long Blades
  3850 | D:5      | Reached XP level 8. HP: 62/66 MP: 7/7
  3893 | D:5      | Found a shadowy altar of Dithmenos.
  4003 | D:5      | Found a shimmering altar of Xom.
  4005 | D:5      | Found a sparkling altar of Nemelex Xobeh.
  4005 | D:5      | Found a sacrificial altar of Ru.
  4005 | D:5      | Found an iron altar of Okawaru.
  4007 | D:5      | Found a hide-covered altar of Uskayaw.
  4011 | D:5      | Became a worshipper of Warmaster Okawaru
  4019 | D:5      | Found a hazy altar of Hepliaklqana.
  4054 | D:5      | You fall through a shaft for 2 floors!
  4205 | D:7      | Got a thick robe
  4585 | D:7      | Reached skill level 7 in Long Blades
  4634 | D:7      | Reached * piety under Okawaru
  4991 | D:7      | Found an ancient bone altar of Kikubaaqudgha.
  5362 | D:6      | Found an ancient bone altar of Kikubaaqudgha.
  5376 | D:6      | Reached XP level 9. HP: 63/73 MP: 8/8
  5698 | D:6      | Found a burning altar of Makhleb.
  5787 | D:6      | Reached skill level 5 in Fighting
  5861 | D:6      | Reached skill level 8 in Long Blades
  5866 | D:6      | Reached ** piety under Okawaru
  6029 | D:6      | Found a bloodstained altar of Trog.
  6516 | D:8      | Reached skill level 5 in Armour
  6549 | D:7      | Slain by a yak

Skill      XL: |  1  2  3  4  5  6  7  8  9 |
---------------+----------------------------+-----
Dodging        | 3 4 |  4.8
Long Blades    | 3 4 5 6 7 8 |  8.4
Fighting       | 3 4 5 |  5.3
Armour         | 1 2 3 4 5 |  5.1
Stealth        | 1 |  1.9
Throwing       | |  1.9
Invocations    | |  0.2
Evocations     | |  0.6

Action                   |  1- 3 |  4- 6 |  7- 9 || total
-------------------------+-------+-------+-------++-------
Melee: Long sword        |    87 |   175 |   424 ||   686
       Punch             |       |       |     1 ||     1
Invok: Heroism           |       |       |     2 ||     2
Evoke: Wand              |       |       |     9 ||     9
  Use: Potion            |       |     2 |     2 ||     4
       Scroll            |       |    10 |     2 ||    12
  Eat: Chunk             |     1 |    15 |    12 ||    28
Armor: Leather armour    |    36 |    44 |       ||    80
       Scale mail        |       |    31 |   232 ||   263
Dodge: Dodged            |    90 |    96 |   300 ||   486
       Rpst.: Long sword |    31 |    33 |    96 ||   160
